 Dungeon Crawl Stone Soup version 0.16.2-12-gd0ad4c3 (webtiles) character file.

88 hexophile the Chopper (level 4, -4/39 HPs)
             Began as a Hill Orc Fighter on Oct 12, 2015.
             Slain by Scuka's ghost (9 damage)
             ... on level 3 of the Dungeon on Oct 17, 2015.
             The game lasted 00:03:24 (1728 turns).

hexophile the Chopper (Hill Orc Fighter)            Turns: 1728, Time: 00:03:24

Health: -4/39      AC:  9    Str: 18    XL:     4   Next: 53%
Magic:  4/4        EV:  7    Int:  8    God:
Gold:   122        SH:  9    Dex: 11    Spells: 0 memorised, 3 levels left

rFire  . . .     SeeInvis .     a - +0 war axe
rCold  . . .     Clarity  .     b - +0 scale mail
rNeg   . . .     SustAb   .     c - +0 shield
rPois  .         Gourm    .     h - +0 helmet
rElec  .         Spirit   .     k - +0 cloak
rCorr  .         Warding  .     (no gloves)
rMut   .         Stasis   .     (no boots)
MR     .....                    (no amulet)
Stlth  ..........               (no ring)
                                (no ring)

@: not resistant to hostile enchantments, extremely unstealthy
A: no striking features
a: no special abilities


You were on level 3 of the Dungeon.
You were not hungry.

You visited 1 branch of the dungeon, and saw 3 of its levels.

You collected 122 gold pieces.

Inventory:

Hand weapons
 a - a +0 war axe (weapon)
Missiles
 g - 2 curare-tipped needles
Armour
 b - a +0 scale mail (worn)
 c - a +0 shield (worn)
 h - a +0 helmet (worn)
 k - a +0 cloak (worn)
Scrolls
 f - a scroll of enchant armour {unknown}
 i - 6 scrolls of identify {unknown}
 j - 3 scrolls of recharging {unknown}
 m - a scroll of immolation {unknown}
 n - a scroll of enchant weapon {unknown}
 o - a scroll of remove curse {unknown}
Potions
 r - a potion of poison {unknown}
 s - a potion of agility {unknown}
Comestibles
 d - 2 meat rations
 q - a chunk of flesh


You had 3 spell levels left.
You didn't know any spells.


   Skills:
 - Level 3.6 Fighting
 + Level 6.1 Axes
 - Level 3.2 Armour
 - Level 3.2 Shields

Dungeon Overview and Level Annotations

Branches:
Dungeon (3/15)

Altars:
Nemelex Xobeh

Annotations:
D:3 Scuka's ghost, average GrFi

Vault maps used:
D:1:      elethiomel_arrival_diamonds, serial_bayou_lagoon_a,
          nemelex_xobeh_ov_fountains_minmay
D:2:      supply_closet_lemuel, uniq_jessica
D:3:      minmay_misc_feat_rows
You       could see Scuka's ghost and a bat.


Message History

You take 4 damage, and have 15/39 hp.
Drink which item? (? for menu, Esc to quit)
You feel very mighty all of a sudden. You block the bat's attack.
Scuka's ghost hits you but does no damage.
You block the bat's attack.
Unknown command.
You slash Scuka's ghost!
Scuka's ghost is heavily damaged.
You closely miss the bat. The bat hits you but does no damage.
Scuka's ghost hits you!
* * * LOW HITPOINT WARNING * * *
You take 6 damage, and have 9/39 hp.
You hit Scuka's ghost but do no damage.
Scuka's ghost is heavily damaged.
The bat hits you but does no damage. x2
You block Scuka's ghost's attack. x2
Unknown command.
You barely miss Scuka's ghost.
Scuka's ghost is heavily damaged.
You barely miss the bat. The bat hits you but does no damage.
You block the bat's attack.
Scuka's ghost hits you but does no damage.
You hit Scuka's ghost.
Scuka's ghost is severely damaged.
You closely miss the bat. You block the bat's attack.
Scuka's ghost hits you but does no damage.
You completely miss Scuka's ghost.
Scuka's ghost is severely damaged.
The bat completely misses you. The bat hits you but does no damage.
Scuka's ghost hits you.
* * * LOW HITPOINT WARNING * * *
You block Scuka's ghost's attack.
You take 5 damage, and have 4/39 hp.
Drink which item? (? for menu, Esc to quit)
It was a potion of cancellation.
Your magical effects are unravelling.
You feel magically purged.
You feel a little less mighty now. You block the bat's attack.
The bat hits you but does no damage. You block the bat's attack.
You block Scuka's ghost's attack.
You closely miss the bat. You hit Scuka's ghost but do no damage.
Scuka's ghost is severely damaged.
The bat hits you but does no damage. You block Scuka's ghost's attack.
The bat barely misses you. You block the bat's attack.
The bat hits you but does no damage.
You hit the bat but do no damage. You closely miss Scuka's ghost.
Scuka's ghost is severely damaged.
You block the bat's attack. Scuka's ghost hits you!
You die...

Action                   |  1- 3 |  4- 6 || total
-------------------------+-------+-------++-------
Melee: War axe           |    94 |    61 ||   155
  Use: Potion            |       |     5 ||     5
  Eat: Chunk             |     1 |     2 ||     3

Notes
Turn   | Place    | Note
--------------------------------------------------------------
     0 | D:1      | hexophile, the Hill Orc Fighter, began the quest for the Orb.
     0 | D:1      | Reached XP level 1. HP: 19/19 MP: 1/1
    14 | D:1      | Reached skill level 3 in Axes
   154 | D:1      | Reached XP level 2. HP: 24/26 MP: 2/2
   597 | D:1      | Reached skill level 4 in Axes
   617 | D:1      | Found a sparkling altar of Nemelex Xobeh.
   811 | D:2      | Reached XP level 3. HP: 26/31 MP: 3/3
  1028 | D:2      | Noticed Jessica
  1034 | D:2      | Killed Jessica
  1034 | D:2      | Reached skill level 5 in Axes
  1297 | D:2      | Reached XP level 4. HP: 35/39 MP: 4/4
  1593 | D:3      | Reached skill level 6 in Axes
  1684 | D:3      | Noticed Scuka's ghost (average GrFi)
  1728 | D:3      | Slain by Scuka's ghost

Table legend:
 A = Turns spent in this place as a percentage of turns spent in the entire game.
 B = Non-inter-level travel turns spent in this place as a percentage of non-inter-level travel turns spent in the entire game.
 C = Inter-level travel turns spent in this place as a percentage of turns spent in this place.
 D = Turns resting spent in this place as a percentage of non-inter-level travel turns spent in this place.
 E = Turns spent auto-exploring this place as a percentage of non-inter-level travel turns spent in this place.
 F = Non-inter-level travel turns spent in this place divided by the number of levels of this place that you've seen.
                   A       B       C       D       E      F
               +-------+-------+-------+-------+-------+----------------------
         Total | 100.0 | 100.0 |   0.3 |   0.8 |  11.8 | 197.7
       Dungeon | 100.0 | 100.0 |   0.3 |   0.8 |  11.8 | 197.7
               +-------+-------+-------+-------+-------+----------------------

Table legend:
 A = Kills in this place as a percentage of kills in entire the game.
 B = Kills by you in this place as a percentage of kills by you in the entire game.
 C = Kills by friends in this place as a percentage of kills by friends in the entire game.
 D = Other kills in this place as a percentage of other kills in the entire game.
 E = Experience gained in this place as a percentage of experience gained in the entire game.
 F = Experience gained in this place divided by the number of levels of this place that you have seen.
                   A       B       C       D       E      F
               +-------+-------+-------+-------+-------+----------------------
         Total | 100.0 | 100.0 |  -nan |  -nan | 100.0 |  42.0
       Dungeon | 100.0 | 100.0 |  -nan |  -nan | 100.0 |  42.0
               +-------+-------+-------+-------+-------+----------------------

Vanquished Creatures
  Jessica (D:2)
  An adder (D:2)
  A giant mite (D:3)
  2 worms
  An orc (D:3)
  A giant cockroach (D:2)
  8 goblins
  6 hobgoblins
  2 kobolds
  A quokka (D:2)
  5 bats
  4 giant newts
  12 rats
45 creatures vanquished.
